 Dungeon Crawl Stone Soup version 0.25-a0-737-g26c3a87c45 (webtiles) character file.

Game seed: 8530926588332031223, levelgen mode: deterministic

62 MisterFreud the Skirmisher (level 3, -2/18 HPs)
             Began as a Felid Ice Elementalist on Apr 11, 2020.
             Killed from afar by an orc (11 damage)
             ... with a puff of flame
             ... on level 3 of the Dungeon.
             The game lasted 00:07:32 (3194 turns).

MisterFreud the Skirmisher (Felid Ice Elementalist) Turns: 3194, Time: 00:07:32

Health: -2/18      AC:  1    Str:  5    XL:     3   Next: 85%
Magic:  4/7        EV: 18    Int: 16    God:
Gold:   124        SH:  0    Dex: 16    Spells: 2/6 levels left
                                        Lives:  0   Deaths: 1

rFire    . . .     SeeInvis +   (weapon unavailable)
rCold    . . .     Gourm    .   (shield unavailable)
rNeg     . . .     Faith    .   (armour unavailable)
rPois    .         Spirit   .   (helmet unavailable)
rElec    .         Reflect  .   (cloak unavailable)
rCorr    .         Harm     .   (gloves unavailable)
MR       .....                  (boots unavailable)
Stlth    +++.......             (no amulet)
HPRegen  0.06/turn              (no ring)
MPRegen  0.10/turn              (no ring)

@: frozen ramparts, quick
A: very small, no armour, no weapons or thrown items, stealth, claws 1, fangs 3,
see invisible, carnivore, speed 1, shaggy fur 1, slow metabolism 1, sharp paws
a: no special abilities


You were on level 3 of the Dungeon.
You were completely stuffed.

You visited 1 branch of the dungeon, and saw 3 of its levels.

You collected 124 gold pieces.

Inventory:

Scrolls
 a - 3 scrolls of remove curse
 e - a scroll of magic mapping {unknown}
 f - a scroll of fog {unknown}
 h - a scroll of noise {unknown}
 i - a scroll of teleportation {unknown}
 l - a scroll of fear {unknown}
Potions
 c - a potion of curing {unknown}
 d - a potion of stabbing {unknown}
 g - a potion of heal wounds {unknown}
 j - a potion of might {unknown}
 k - a potion of lignification {unknown}
Comestibles
 b - 7 rations


   Skills:
 - Level 4.1 Fighting
 + Level 3.0 Dodging
 - Level 3.0 Stealth
 + Level 0.6 Unarmed Combat
 - Level 2.0 Spellcasting
 - Level 3.6 Ice Magic


You had 2 spell levels left.
You knew the following spells:

 Your Spells              Type           Power        Failure   Level  Hunger
a - Freeze                Ice            ##..         4%          1    #......
b - Frozen Ramparts       Ice            ##....       14%         3    ###....

Your spell library contained the following spells:

 Spells                   Type           Power        Failure   Level  Hunger
 Ozocubu's Armour         Chrm/Ice       #.......     30%         3    ###....
 Hailstorm                Conj/Ice       #.......     69%         4    #####..
 Summon Ice Beast         Ice/Summ       #.......     69%         4    #####..


Dungeon Overview and Level Annotations

Branches:
Dungeon (3/15)

Altars:
Fedhas

Annotations:
D:2 exclusion: oklob plant


Innate Abilities, Weirdness & Mutations

You cannot wear armour.
You are incapable of wielding weapons or throwing items.
Your paws allow you to move quietly. (Stealth)
You have sharp claws.
You have razor-sharp teeth.
You have supernaturally acute eyesight. (SInv)
You are carnivorous and can eat meat at any time.
You cover ground quickly.
You are covered in fur. (AC +1)
You have a slow metabolism.
Your sharp claws are effective at attacking unaware monsters.


Message History

You barely miss the goblin.
The goblin is moderately wounded.
The goblin closely misses you.
You scratch the goblin.
You kill the goblin!
No target in view!
Things that are here:
a +0 club; a goblin corpse The orc is too close now for your liking.
An orc is nearby!
The orc shouts!
You scratch the orc.
The orc is lightly wounded.
The orc hits you with a +2 trident of venom.
Casting: Freeze (safe; 4% risk of failure)
Confirm with . or Enter, or press ? or * to list all spells.
The walls around you are covered in ice.
The wall freezes the orc.
The orc zaps a wand.
The puff of flame hits you!
Ouch! That really hurt!
You die...

#...^....# ###.######
# #.# ..######(######
##..............
###.....###.##.###
##.......##...#....
#o.......#.........
#.##.@##.>..##...##.##
#........##.###.......
####....(##.# #.###.##
#.###.##.# #.# # #
#........###'###.##
#####)#####...##... ##
#)# ##.....####
##.##.###.......##
###...#.##.........##


You could see an orc.

Vanquished Creatures
  Robin (D:2)
  2 adders (D:2)
  An ooze (D:1)
  A worm (D:2)
  3 dart slugs
  A leopard gecko (D:2)
  4 orcs (D:3)
  4 giant cockroaches
  19 goblins
  9 hobgoblins
  2 kobolds
  A quokka (D:3)
  10 bats
  A frilled lizard (D:2)
  10 rats
69 creatures vanquished.

Notes
Turn   | Place    | Note
-------+----------+-------------------------------------------
     0 | D:1      | MisterFreud the Felid Ice Elementalist began the quest for
                  | the Orb.
     0 | D:1      | Reached XP level 1. HP: 7/7 MP: 4/4
   225 | D:1      | Reached skill level 1 in Fighting
   296 | D:1      | Reached XP level 2. HP: 13/13 MP: 0/6
   419 | D:1      | You fall into a shaft and drop 1 floor!
   438 | D:1      | Reached skill level 2 in Fighting
   925 | D:2      | Noticed Robin
   994 | D:1      | Reached XP level 3. HP: 16/16 MP: 5/7
  1342 | D:2      | Learned a level 3 spell: Frozen Ramparts
  1353 | D:2      | Reached skill level 3 in Fighting
  1629 | D:2      | Found a blossoming altar of Fedhas.
  1639 | D:2      | Noticed an oklob plant
  1876 | D:2      | Killed Robin
  1974 | D:2      | Reached XP level 4. HP: 21/22 MP: 2/8
  2255 | D:2      | Reached skill level 4 in Fighting
  2747 | D:3      | Killed from afar by an orc
  2748 | D:3      | Reached XP level 3. HP: -3/18 MP: 5/7
  3194 | D:3      | Killed from afar by an orc

Levels and vault maps discovered:
D:1:      wander_arrival_chamber, layout_rooms, minivault_27
D:2:      kennysheep_big_flooded_room, layout_basic, tgw_fedhas, uniq_robin
D:3:      layout_loops_corners

Skill      XL: |  1  2  3  4 |
---------------+-------------+-----
Fighting       | 1 2 3 4 |  4.1
Dodging        | 3 |  3.0
Stealth        | 3 |  3.0
Unarmed Combat | |  0.6
Spellcasting   | |  2.0
Ice Magic      | |  3.6

Action                   |  1- 3 |  4- 6 || total
-------------------------+-------+-------++-------
Melee: Unarmed           |    57 |    27 ||    84
       Bite              |     6 |     1 ||     7
 Cast: Freeze            |    38 |     5 ||    43
       Frozen Ramparts   |    10 |     7 ||    17
  Use: Scroll            |     1 |       ||     1
 Stab: Sleeping          |     4 |     2 ||     6
       Distracted        |     1 |       ||     1
  Eat: Chunk             |    17 |     1 ||    18
Armor: Skin              |     7 |     4 ||    11
Dodge: Dodged            |    74 |    39 ||   113

Table legend:
 A = Non-vault XP
 B = Vault XP
 C = Vault XP percentage of total XP
 D = Non-vault monster count
 E = Vault monster count
 F = Vault count percentage of total count
                 A         B        C        D         E       F
            +---------+---------+-------+---------+---------+-------
      Total |     132 |      41 |  23.7 |      55 |      14 |  20.3
            +---------+---------+-------+---------+---------+-------
        D:1 |      30 |       2 |   6.2 |      13 |       1 |   7.1
        D:2 |      71 |      39 |  35.5 |      25 |      13 |  34.2
        D:3 |      31 |       0 |   0.0 |      17 |       0 |   0.0
            +---------+---------+-------+---------+---------+-------
